 Dungeon Crawl Stone Soup version 0.20-a0-435-gf4ea4dd (webtiles) character file.

29 Asddderdsw the Magician (level 3, 0/21 HPs)
             Began as an Octopode Wizard on Jan 5, 2017.
             Slain by a gnoll
             ... wielding a +0 spear
              (6 damage)
             ... on level 3 of the Dungeon.
             The game lasted 00:17:50 (1041 turns).

Asddderdsw the Magician (Octopode Wizard)           Turns: 1041, Time: 00:17:50

Health: 0/21       AC:  1    Str:  6    XL:     3   Next: 16%
Magic:  4/8        EV: 13    Int: 21    God:
Gold:   40         SH:  0    Dex: 10    Spells: 8/9 levels left

rFire  x . .     SeeInvis .     i - +0 whip
rCold  + . .     Gourm    +     (no shield)
rNeg   . . .     Faith    .     a - +0 hat
rPois  .         Spirit   .     n - amulet of the gourmand
rElec  .         Reflect  .     d - +1 ring of slaying
rCorr  .         Harm     .     l - ring of ice
MR     .....                    (no ring)
Stlth  +++.......               (no ring)
                                (no ring)
                                (no ring)
                                (no ring)
                                (no ring)

@: no status effects
A: almost no armour, stealthy swim, amphibious, 8 rings, constrict 8, camouflage
1, gelatinous body 1
a: no special abilities


You were on level 3 of the Dungeon.
You were very full.

You visited 1 branch of the dungeon, and saw 3 of its levels.

You collected 40 gold pieces.

Inventory:

Hand Weapons
 e - a +0 club
 f - a +0 dagger
 i - a +0 whip (weapon)
 p - a +0 hunting sling
Missiles
 g - 72 stones (quivered)
Armour
 a - a +0 hat (worn)
Jewellery
 d - a +1 ring of slaying (left tentacle)
 l - a ring of ice (right tentacle)
 n - an amulet of the gourmand (around mantle)
Scrolls
 j - 2 scrolls of identify
 k - a scroll of remove curse {unknown}
 m - a scroll of fog {unknown}
 o - a scroll of amnesia {unknown}
 r - a scroll of teleportation {unknown}
 t - 2 scrolls of blinking {unknown}
Potions
 q - a potion of curing
 u - a potion of lignification {unknown}
Books
 b - a book of Minor Magic

   Spells                             Type                      Level
   a - Magic Dart                     Conjuration                  1
   b - Blink                          Translocation                2
   c - Call Imp                       Summoning                    2
   d - Repel Missiles                 Charms/Air                   2
   e - Slow                           Hexes                        2
   f - Conjure Flame                  Conjuration/Fire             3
   g - Mephitic Cloud                 Conjuration/Poison/Air       3
Comestibles
 c - 2 bread rations
 h - a royal jelly
 s - 2 fruits


   Skills:
 + Level 0.2 Maces & Flails
 + Level 0.6 Slings
 + Level 2.2 Dodging
 + Level 2.9 Stealth
 + Level 3.5 Spellcasting
 + Level 1.3 Conjurations
   Level 1.0 Summonings
   Level 1.0 Translocations


You had 8 spell levels left.
You knew the following spells:

 Your Spells              Type           Power        Failure   Level  Hunger
a - Magic Dart            Conj           #...         10%         1    None


Dungeon Overview and Level Annotations

Branches:
Dungeon (3/15)

Altars:
Ashenzari


Innate Abilities, Weirdness & Mutations

You cannot wear most types of armour.
You are very stealthy in the water. (Stealth+)
You are amphibious.
You can wear up to eight rings at the same time.
You can use your tentacles to constrict eight enemies at once.
Your skin changes colour to match your surroundings (Stealth+).
Your rubbery body absorbs attacks. (AC +1, EV +1)


Message History

The ooze barely misses you.
Throwing (i - inventory):
g - 73 stones (quivered)
Press: ? - help, Shift-Dir - straight line, f/p - gnoll
Aim: a gnoll, wielding a spear (moderately wounded)
You throw a stone. The stone hits the ooze.
The ooze is moderately wounded.
The gnoll hits you from afar with a spear!
The ooze hits you.
* * * LOW HITPOINT WARNING * * *
You hit the ooze but do no damage.
The ooze is moderately wounded.
The gnoll completely misses you. The ooze closely misses you.
You barely miss the ooze. You squeeze the ooze.
The ooze is almost dead.
The gnoll misses you. The ooze closely misses you.
The gnoll completely misses you.
You hit the ooze.
You kill the ooze!
The gnoll hits you from afar with a spear.
You die...

#............#
#.#..........#
#..#......#..#
#...#....#...### #
#....#..#......#
###.....#..gJ....#
.........#.#.#.#g#
##.รท...#.......#(#
.....)#..#....##@#
##...#.......#####
##.......#..##
##.........##
####.....### #
#<.#.## . ...#.# #
#.##..


You could see a gnoll.

Vanquished Creatures
  An ooze (D:3)
  A worm (D:2)
  2 giant cockroaches
  2 goblins
  3 hobgoblins
  2 jackals (D:2)
  A ball python (D:1)
  3 bats
  3 frilled lizards
  3 kobolds
21 creatures vanquished.

Notes
Turn   | Place    | Note
-------+----------+-------------------------------------------
     0 | D:1      | Asddderdsw the Octopode Wizard began the quest for the Orb.
     0 | D:1      | Reached XP level 1. HP: 11/11 MP: 4/4
   328 | D:1      | Reached XP level 2. HP: 13/17 MP: 0/6
   771 | D:2      | Found a shattered altar of Ashenzari.
  1033 | D:3      | Reached XP level 3. HP: 19/21 MP: 4/8
  1041 | D:3      | Slain by a gnoll

Vault maps used:
D:1:      lemuel_arrival_room
D:2:      ashenzari_conservatory_becter, lemuel_coloured_pillars_altar,
          kennysheep_nondescript
D:3:      hangedman_decor_opposing, uniq_jessica

Action                   || total
-------------------------++-------
Melee: Dagger            ||     6
       Unarmed           ||     6
       Constrict         ||    10
       Tentacles         ||     5
       Whip              ||    32
 Fire: Hunting sling     ||     6
Throw: Stone             ||     6
 Cast: Magic Dart        ||    28
  Use: Scroll            ||     2
       Potion            ||     1
  Eat: Chunk             ||    11
Armor: Skin              ||     5
Dodge: Dodged            ||    52
